 Dungeon Crawl Stone Soup version 0.27-a0-1502-g47ed6a6988 (webtiles) character file.

Game seed: 17225957399413053915

49 Spaninq the Bolt Thrower (level 4, -1/26 HPs)
             Began as a Kobold Arcane Marksman on July 8, 2021.
             Slain by a gnoll (10 damage)
             ... on level 2 of the Dungeon.
             The game lasted 00:05:53 (1411 turns).

Spaninq the Bolt Thrower (Kobold Arcane Marksman)   Turns: 1411, Time: 00:05:53

Health: -1/26      AC:  2    Str:  8    XL:     4   Next: 1%
Magic:  5/5        EV:  8    Int: 14    God:
Gold:   25         SH:  0    Dex: 15    Spells: 4/5 levels left

rFire    . . .     SeeInvis .   a - +0 hand crossbow
rCold    . . .     Faith    .   (shield restricted)
rNeg     . . .     Spirit   .   d - +0 robe
rPois    .         Reflect  .   (no helmet)
rElec    .         Harm     .   (no cloak)
rCorr    .         Rampage  .   (no gloves)
Will     .....                  (no boots)
Stlth    ++........             (no amulet)
HPRegen  0.08/turn              (no ring)
MPRegen  0.09/turn              (no ring)

@: held
A: small, no large weapons, nightstalker 3
a: no special abilities


You were on level 2 of the Dungeon.
You visited 1 branch of the dungeon, and saw 2 of its levels.

You collected 25 gold pieces.

Inventory:

Hand Weapons
 a - a +0 hand crossbow (weapon)
Missiles
 c - 7 bolts (quivered ammo)
Armour
 d - a +0 robe (worn)
 e - a +0 scale mail
Scrolls
 f - a scroll of identify {unknown}
 g - 3 scrolls of vulnerability {unknown}
 h - a scroll of magic mapping {unknown}
 j - a scroll of immolation {unknown}
Potions
 b - a potion of curing {unknown}
 i - a potion of invisibility {unknown}
 k - a potion of cancellation {unknown}


   Skills:
 + Level 2.0 Fighting
 * Level 3.8 Crossbows
 + Level 3.1 Dodging
 - Level 1.1 Spellcasting
 - Level 3.0 Hexes


You had 4 spell levels left.
You knew the following spells:

 Your Spells              Type           Power      Damage    Failure   Level
a - Corona                Hex            10%        N/A       8%          1

Your spell library contained the following spells:

 Spells                   Type           Power      Damage    Failure   Level
 Slow                     Hex            9%         N/A       12%         2
 Shock                    Conj/Air       0%         1d3       26%         1
 Inner Flame              Hex/Fire       4%         N/A       38%         3
 Portal Projectile        Hex/Tloc       8%         N/A       38%         3
 Cause Fear               Hex            4%         N/A       58%         4
 Swiftness                Air            0%         N/A       61%         3
 Airstrike                Air            0%         N/A       95%         4


Dungeon Overview and Level Annotations

Branches:
Dungeon (2/15)

Altars:


Innate Abilities, Weirdness & Mutations

You are small and have problems with some larger weapons.
You are completely attuned to the shadows.


Message History

Fire: 12 bolts
Press: ? - help, Q - select action, (/) - cycle Shift-Dir - straight line, f - gnoll
Aim: a gnoll, wielding a +0 spear (68% to hit)
You shoot a bolt. The bolt hits the gnoll!
The gnoll is severely wounded.
The gnoll misses you.
Fire: 11 bolts
Press: ? - help, Q - select action, (/) - cycle Shift-Dir - straight line, f/p - gnoll
Aim: a gnoll, wielding a +0 spear (severely wounded, 68% to hit)
You shoot a bolt. The bolt barely misses the gnoll.
The gnoll misses you.
Fire: 10 bolts
Press: ? - help, Q - select action, (/) - cycle Shift-Dir - straight line, f/p - gnoll
Aim: a gnoll, wielding a +0 spear (severely wounded, 68% to hit)
You shoot a bolt.
The bolt hits the gnoll but does no damage.
The gnoll is severely wounded.
The gnoll hits you from afar with a +0 spear!
The gnoll barely misses you.
Fire: 9 bolts
Press: ? - help, Q - select action, (/) - cycle Shift-Dir - straight line, f/p - gnoll
Aim: a gnoll, wielding a +0 spear (severely wounded, 68% to hit)
You shoot a bolt. The bolt completely misses the gnoll.
The bolt barely misses the gnoll.
The gnoll shouts!
You hear a shout!
The gnoll hits you from afar with a +0 spear.
Fire: 8 bolts
Press: ? - help, Q - select action, (/) - cycle Shift-Dir - straight line, f/p - gnoll
Aim: a gnoll, wielding a +0 spear (severely wounded, 68% to hit)
You shoot a bolt. The bolt hits the gnoll!
You kill the gnoll!
The gnoll throws a throwing net.
The throwing net hits you.
You become entangled in the net!
You have reached level 4!
You cannot shoot with your hand crossbow while held in a net.
You struggle against the net.
You struggle against the net.
The gnoll hits you with a +0 whip.
You struggle against the net.
The gnoll hits you with a +0 whip!
You die...

#...........
#..........#
#..........#####
(#######..........#...##
.g.(()g@................
g##.####..........#...#.
#( ######....#######. ..
.................. .#.
######....###.....
#....# ..... #....#
..... ###### .... ...


You could see a gnoll.

Vanquished Creatures
  A gnoll (D:2)
  An adder (D:2)
  A dart slug (D:1)
  2 giant cockroaches (D:1)
  3 goblins
  7 jackals
  2 bats (D:1)
  3 frilled lizards (D:1)
  4 kobolds
  4 rats
28 creatures vanquished.

Notes
Turn   | Place    | Note
-------+----------+-------------------------------------------
     0 | D:1      | Spaninq the Kobold Arcane Marksman began the quest for the
                  | Orb.
     0 | D:1      | Reached XP level 1. HP: 12/12 MP: 2/2
   146 | D:1      | Reached XP level 2. HP: 16/16 MP: 1/3
   722 | D:1      | Reached XP level 3. HP: 21/21 MP: 4/4
  1027 | D:1      | Found a faded altar of an unknown god.
  1409 | D:2      | Reached XP level 4. HP: 11/26 MP: 5/5
  1411 | D:2      | Slain by a gnoll

Illustrated notes

Levels and vault maps discovered:
D:1:      sevenhm_arrival_forest_fort_small_3, layout_basic,
          dilly_ecumenical_altar_fadedgnrine
D:2:      layout_basic, st_stairs_1, hex_tiny

Skill      XL: |  1  2  3 |
---------------+----------+-----
Crossbows      | 3 |  3.8
Dodging        | 3 |  3.1
Fighting       | 2 |  2.0
Spellcasting   | |  1.1
Hexes          | |  3.0

Action                   |  1- 3 |  4- 6 || total
-------------------------+-------+-------++-------
 Fire: Hand crossbow     |    63 |       ||    63
 Cast: Corona            |     7 |       ||     7
Armor: Robe              |     9 |       ||     9
Dodge: Dodged            |    29 |       ||    29

Table legend: (Time is in decaauts)
 A = Elapsed time spent in this place.
 B = Non-inter-level travel time spent in this place.
 C = Inter-level travel time spent in this place.
 D = Time resting spent in this place.
 E = Time spent auto-exploring this place.
 F = Levels seen in this place.
 G = Mean time per level.
                   A        B        C        D        E       F      G
               +--------+--------+--------+--------+--------+-----+--------+
         Total |   1431 |   1414 |     17 |    400 |    766 |   2 |  715.5 |
       Dungeon |   1431 |   1414 |     17 |    400 |    766 |   2 |  715.5 |
               +--------+--------+--------+--------+--------+-----+--------+

Top non-repeatable levels by time:
     D:1: 1059 daAuts
     D:2: 372 daAuts
